 Dungeon Crawl Stone Soup version 0.28.0-47-ge53b351184 (webtiles) character file.

Game seed: 6378243421588809679

30 Revguard the Grasshopper (level 3, -5/27 HPs)
             Began as a Demonspawn Warper on May 7, 2022.
             Slain by an iguana (10 damage)
             ... on level 2 of the Dungeon.
             The game lasted 00:02:19 (1793 turns).

Revguard the Grasshopper (Demonspawn Warper)        Turns: 1793, Time: 00:02:20

Health: -5/27      AC:  8    Str: 13    XL:     3   Next: 3%
Magic:  6/6        EV: 10    Int: 14    God:
Gold:   82         SH:  0    Dex: 12    Spells: 4/6 levels left

rFire   . . .      SeeInvis .   a - +0 falchion
rCold   + . .      Faith    .   (no shield)
rNeg    . . .      Spirit   .   l - +0 ring mail
rPois   .          Reflect  .   (no helmet)
rElec   .          Harm     .   (no cloak)
rCorr   +          Rampage  .   i - +0 pair of gloves
Will    .....                   (no boots)
Stlth   +.........              (no amulet)
HPRegen 0.09/turn               e - ring of protection from cold
MPRegen 0.10/turn               j - ring of resist corrosion

@: no status effects
A: icy blue scales 1
a: no special abilities


You were on level 2 of the Dungeon.
You visited 1 branch of the dungeon, and saw 2 of its levels.

You collected 82 gold pieces.

Inventory:

Hand Weapons
 a - a +0 falchion (weapon)
Missiles
 d - 5 boomerangs of dispersal (quivered)
Armour
 b - a +0 leather armour
 i - a +0 pair of gloves (worn)
 l - a +0 ring mail (worn)
Jewellery
 e - a ring of protection from cold (left hand)
 f - a ring of wizardry
 j - a ring of resist corrosion (right hand)
Scrolls
 c - a scroll of blinking
 g - a scroll of identify {unknown}
Potions
 h - a potion of heal wounds {unknown}
 k - a potion of might {unknown}
 m - a potion of resistance {unknown}
 n - a potion of flight {unknown}


   Skills:
 + Level 2.2 Fighting
 + Level 2.0 Long Blades
 - Level 0.8 Throwing
 * Level 1.4 Armour
 + Level 2.0 Dodging
 * Level 2.4 Spellcasting
 + Level 2.8 Translocations


You had 4 spell levels left.
You knew the following spells:

 Your Spells              Type           Power      Damage    Failure   Level
a - Blink                 Tloc           18%        N/A       22%         2

Your spell library contained the following spells:

 Spells                   Type           Power      Damage    Failure   Level
 Gell's Gravitas          Tloc           9%         N/A       41%         3
 Lesser Beckoning         Tloc           9%         N/A       41%         3
 Teleport Other           Tloc           9%         N/A       41%         3
 Manifold Assault         Tloc           9%         N/A       99%         5


Dungeon Overview and Level Annotations

Branches:
Dungeon (2/15)

Altars:


Innate Abilities, Weirdness & Mutations

You are partially covered in icy blue scales. (AC +2)


Message History

Increase (S)trength, (I)ntelligence, or (D)exterity?
You feel stronger. x2
Memorise Blink, consuming 2 spell levels and leaving 4?
You start memorising the spell.
You continue memorising. x2
You finish memorising.
Spell assigned to 'a'.
You see here a +0 club.
A goblin comes into view. It is wielding a +0 dagger.
You slash the goblin!
You kill the goblin!
You see here a +0 dagger.
You open the door.
There is an open door here.
An iguana comes into view.
The iguana hisses angrily.
There is a stone staircase leading down here.
An iguana is nearby!
Found a scroll labelled FUG JEPTAVEUHO.
You closely miss the iguana.
The iguana bites you but does no damage. x2
An adder comes into view.
You hit the iguana but do no damage. The iguana closely misses you.
You hit the iguana.
The iguana is lightly wounded.
The iguana bites you!
You hit the iguana but do no damage.
The iguana is lightly wounded.
The iguana bites you.
You hit the iguana.
The iguana is lightly wounded.
The iguana bites you.
You hit the iguana but do no damage.
The iguana is lightly wounded.
The iguana bites you!
* * * LOW HITPOINT WARNING * * *
The adder misses you. The iguana bites you.
* * * LOW HITPOINT WARNING * * *
You hit the iguana.
The iguana is moderately wounded.
The adder bites you but does no damage. The iguana bites you!
You die...

###'######### #.# #.#
#.#........ .. #.#
#.#.####### #.##.#
#.#.#.....' ..#.# #
#.#.#.##### . #.#.#.#
#.#.#.##### ...##...#.#
#.#<....... .......Sl?#
#.#...#####
#.@######.#........
#.>.......#........
........................
+#################......
#...... #...... #......
#...... #######


You could see an iguana and an adder.

Vanquished Creatures
  A dart slug (D:1)
  2 ball pythons
  A bat (D:1)
  3 endoplasms (D:1)
  A giant cockroach (D:1)
  3 goblins
  4 jackals (D:2)
  4 kobolds (D:1)
  2 quokkas (D:1)
  A frilled lizard (D:1)
  A rat (D:1)
23 creatures vanquished.

Notes
Turn   | Place    | Note
-------+----------+-------------------------------------------
     0 | D:1      | Revguard the Demonspawn Warper began the quest for the Orb.
     0 | D:1      | Reached XP level 1. HP: 16/16 MP: 3/3
   342 | D:1      | Reached skill level 1 in Armour
   679 | D:1      | Gained mutation: You are partially covered in icy blue
                  | scales. (AC +2) [demonic ancestry]
   679 | D:1      | Reached XP level 2. HP: 15/22 MP: 5/5
  1698 | D:2      | Reached XP level 3. HP: 27/27 MP: 6/6
  1701 | D:2      | Learned a level 2 spell: Blink
  1793 | D:2      | Slain by an iguana

Illustrated notes

Levels and vault maps discovered:
D:1:      matt_arrival_spirals, layout_loops_cross
D:2:      layout_basic

Skill      XL: |  1  2 |
---------------+-------+-----
Armour         | 1 |  1.4
Dodging        | 2 |  2.0
Long Blades    | 2 |  2.0
Fighting       | |  2.2
Throwing       | |  0.8
Spellcasting   | |  2.4
Translocations | |  2.8

Action                   || total
-------------------------++-------
Melee: Falchion          ||    84
 Stab: Sleeping          ||     1
Armor: Leather armour    ||    19
       Ring mail         ||    20
Dodge: Dodged            ||    48
